AoeStats
← rosssmith95

Arabia

510131576Analyzed
1v1 RM · 3d ago on Sep 29, 2026· 27m 29s· 2 players
Game mode
Random Map
Map size
Tiny (2 player)
Population
200
Speed
Normal
Resources
Standard
Victory
Conquest
Starting age
Dark Age
Ending age
Imperial Age
RankedLock teamsTeams togetherTeam positionsShared explorationLock speedFull tech treeHidden civsTurbo modeCheats
Victory
Defeat
🇺🇸 Varangians · United States
1153
+15
🇨🇦 Byzantines · Canada
1141
-15
rosssmith95
11:25 Feudal Age
11:58 Horse Collar
12:04 Double-Bit Axe
14:01 Loom
19:08 Wheelbarrow
21:18 Castle Age
20:56 Wheelbarrow
21:53 Scale Barding Armor
22:02 Forging
25:23 Fletching
26:17 Elite Skirmisher
sksarthak
5:53 Loom
9:16 Feudal Age
9:49 Double-Bit Axe
10:45 Horse Collar
16:22 Wheelbarrow
19:25 Castle Age
18:13 Fletching
18:27 Padded Archer Armor
20:37 Bodkin Arrow
23:16 Bloodlines
24:04 Husbandry
Connection lost

Rejoining the realm…

Still unreachable

The connection could not be restored.

Session expired

The server has moved on; the page needs a fresh start.